 Dungeon Crawl Stone Soup version 0.30.0-30-g96aa6591b8 (webtiles) character file.

Game seed: 11145256369755895185

4449 RetroVade the Cleaver (level 10, -9/90 HPs)
             Began as a Hill Orc Monk on June 26, 2023.
             Was a High Priest of Trog.
             Succumbed to a gnoll's poison
             ... on level 8 of the Dungeon.
             The game lasted 01:19:44 (6733 turns).

RetroVade the Cleaver (Hill Orc Monk)               Turns: 6733, Time: 01:19:46

Health: -9/90      AC: 21    Str: 19    XL:     10   Next: 37%
Magic:  10/10      EV:  4    Int: 10    God:    Trog [*****.]
Gold:   414        SH:  0    Dex: 13    Spells: 9/9 levels left

rFire   . . .        z - +2 war axe (heavy)
rCold   . . .        d - orb {light}
rNeg    . . .        A - +0 crystal plate armour
rPois   .            G - +0 helmet
rElec   .            q - +0 cloak
rCorr   .            (no gloves)
SInv    .            (no boots)
Will    .....        e - amulet of faith Stlth
                     (no ring)
HPRegen 0.35/turn    (no ring)
MPRegen 0.12/turn

%: faith
@: lethally poisoned (-9 -> -40), on berserk cooldown, slowed, glowing, very
slow
A: no striking features
a: Renounce Religion, Convert to Beogh, Berserk, Trog's Hand, Brothers in Arms


You were on level 8 of the Dungeon.
You worshipped Trog.
Trog was extremely pleased with you.
You visited 1 branch of the dungeon, and saw 8 of its levels.

You collected 414 gold pieces.

Inventory:

Hand Weapons
 i - a +2 quarterstaff of chaos
 r - the +2 mace "Spiderslayer" {spect, rPois}
   (You found it on level 4 of the Dungeon)

   rPois:     It protects you from poison.
 y - a +0 whip of freezing
 z - a +2 heavy war axe (weapon)
 C - a +1 dagger of speed
 D - a +2 short sword of electrocution
 I - a +3 heavy flail
 J - a -2 demon whip of venom
Missiles
 o - 2 boomerangs of dispersal
 E - 4 javelins
Armour
 d - an orb of light (worn)
 q - a +0 cloak (worn)
 x - a +3 leather armour
 A - a +0 crystal plate armour (worn)
 G - a +0 helmet (worn)
Jewellery
 e - an amulet of faith (around neck)
 f - an amulet of guardian spirit
 t - an amulet of reflection
Wands
 k - a wand of paralysis (5)
 p - a wand of polymorph (6)
Scrolls
 a - a scroll of brand weapon {unknown}
 b - 2 scrolls of magic mapping
 h - a scroll of enchant armour {unknown}
 l - 3 scrolls of teleportation
 m - a scroll of fear
 u - 6 scrolls of amnesia
 w - a scroll of identify
 B - a scroll of enchant weapon
Potions
 c - a potion of ambrosia (quivered)
 g - 2 potions of brilliance {unknown}
 j - 2 potions of flight
 n - 2 potions of invisibility {unknown}
 s - a potion of might {unknown}
 v - a potion of lignification {unknown}
 F - a potion of curing {unknown}
 H - a potion of haste {unknown}
 K - a potion of attraction {unknown}


   Skills:
 + Level 8.5 Fighting
 + Level 10.8(12.2) Axes
 + Level 7.9(9.8) Maces & Flails
 + Level 1.2 Throwing
 + Level 8.0 Armour
 + Level 3.1 Dodging
 + Level 1.2 Stealth


You had 9 spell levels left.
You didn't know any spells.
Your spell library contained the following spells:

 Spells                   Type           Power      Damage    Failure   Level
 Ozocubu's Armour         Ice            0%         N/A       100%        3
 Ozocubu's Refrigeration  Ice            0%         4d7       100%        7


Dungeon Overview and Level Annotations

Branches:
Dungeon (8/15)             Temple (0/1) D:6
   Lair: D:8-11

Altars:
Gozag
Nemelex Xobeh
Trog
The Shining One


Message History

* * * LOW HITPOINT WARNING * * *
You feel very sick.
You slash the orc wizard!
The orc wizard is almost dead.
You slash the orc wizard!
You kill the orc wizard!
Trog accepts your kill.
Trog appreciates your killing of a magic user.
You slice the orc priest!!
You kill the orc priest!
Trog accepts your kill.
You hear a splash.
You hit the orc wizard.
* * * LOW HITPOINT WARNING * * *
You feel extremely sick. The bullfrog barely misses you.
The gnoll hits you but does no damage.
You are more poisoned.
The orc wizard hits you but does no damage.
The bullfrog hits you.
* * * LOW HITPOINT WARNING * * *
The gnoll barely misses you. The orc wizard casts a spell at you.
The puff of flame hits you.
* * * LOW HITPOINT WARNING * * *
The bullfrog hits you but does no damage.
The gnoll hits you but does no damage.
You are more poisoned.
You slice the orc wizard!!
You kill the orc wizard!
Trog accepts your kill.
Trog appreciates your killing of a magic user.
You slash the orc wizard!
You kill the orc wizard!
Trog accepts your kill.
Trog appreciates your killing of a magic user.
You hear a splash. x2
You slash the orc priest! You slice the bullfrog!!
You kill the bullfrog!
Trog accepts your kill.
You die...

#### ...#### . #
...... ..###.
#...#
#..~~~##...### .
~~#~.~)@.....##..
...~~.)o).......
~~..~♣~..g...##
..~..~~....###
.~...~~#)))#
~~~~≈.♣##).#
#≈~.#.~##..#####.
#~♣~#.≈..........
#.~ #≈###?.######


You could see an orc priest and a gnoll.

Vanquished Creatures
  Amaemon (D:8)
  Pikel (D:5)
  An orange demon (D:8)
  Prince Ribbit (D:5)
  A steam dragon (D:6)
  Edmund (D:5)
  2 ice beasts
  3 ogres
  4 centaurs
  2 phantoms
  2 lemures (D:5)
  2 bullfrogs
  A gnoll sergeant (D:8)
  7 scorpions
  A jelly (D:7)
  2 howler monkeys (D:8)
  Crazy Yiuf (D:2)
  2 orc priests
  5 hounds
  2 iguanas (D:6)
  6 orc wizards
  Natasha (thrice) (D:3)
  5 gnolls
  10 adders
  2 shadow imps
  4 white imps
  A worm (D:3)
  3 dart slugs
  26 orcs
  7 ball pythons
  8 bats
  4 endoplasms
  3 giant cockroaches
  12 goblins
  7 hobgoblins
  A quokka (D:2)
  4 frilled lizards
  6 kobolds
  7 rats
161 creatures vanquished.

Vanquished Creatures (collateral kills)
  Maggie (D:7)
  Duvessa (D:5)
  Dowan (D:5)
  2 orcs (D:7)
5 creatures vanquished.

Grand Total: 166 creatures vanquished

Notes
Turn   | Place    | Note
-------+----------+-------------------------------------------
     0 | D:1      | RetroVade the Hill Orc Monk began the quest for the Orb.
     0 | D:1      | Reached XP level 1. HP: 19/19 MP: 1/1
   295 | D:1      | Reached XP level 2. HP: 26/27 MP: 2/2
   540 | D:1      | Found a faded altar of an unknown god.
   629 | D:1      | Reached XP level 3. HP: 30/33 MP: 3/3
  1148 | D:1      | Prayed at the altar of an unknown god.
  1148 | D:1      | Became a worshipper of Trog the Wrathful
  1148 | D:1      | Reached * piety under Trog
  1148 | D:1      | Reached ** piety under Trog
  1457 | D:2      | Reached *** piety under Trog
  1460 | D:2      | Reached skill level 1 in Armour
  1465 | D:2      | Noticed a phantom
  1506 | D:2      | Killed a phantom
  1507 | D:2      | Reached skill level 5 in Axes
  1507 | D:2      | Reached XP level 4. HP: 23/41 MP: 2/4
  1507 | D:2      | Reached XP level 5. HP: 26/47 MP: 2/5
  1835 | D:2      | Found a runed translucent door.
  1836 | D:2      | Noticed Crazy Yiuf
  1843 | D:2      | Killed Crazy Yiuf
  1844 | D:2      | Reached skill level 6 in Axes
  2173 | D:3      | Noticed Natasha
  2180 | D:3      | Reached XP level 6. HP: 53/53 MP: 6/6
  2184 | D:3      | Killed Natasha
  2233 | D:3      | Noticed Natasha
  2246 | D:3      | Killed Natasha
  2460 | D:3      | Noticed Natasha
  2469 | D:3      | Killed Natasha
  2654 | D:3      | Reached **** piety under Trog
  2781 | D:4      | Reached skill level 5 in Fighting
  2882 | D:4      | Reached XP level 7. HP: 49/61 MP: 7/7
  2886 | D:4      | Reached skill level 7 in Axes
  3138 | D:4      | Identified the +2 mace "Spiderslayer" {spect, rPois}
  3368 | D:5      | Entered Level 5 of the Dungeon
  3380 | D:5      | Found a glowing golden altar of the Shining One.
  3400 | D:5      | Noticed Prince Ribbit
  3400 | D:5      | Noticed Pikel
  3410 | D:5      | Killed Pikel
  3411 | D:5      | Reached skill level 8 in Axes
  3411 | D:5      | Reached XP level 8. HP: 71/71 MP: 8/8
  3418 | D:5      | Killed Prince Ribbit
  3419 | D:5      | Reached skill level 9 in Axes
  3419 | D:5      | Reached skill level 5 in Armour
  3432 | D:5      | Noticed Dowan
  3433 | D:5      | Noticed Duvessa
  3441 | D:5      | Killed Duvessa
  3442 | D:5      | Reached skill level 1 in Maces & Flails
  3442 | D:5      | Killed Dowan
  3456 | D:5      | Noticed Edmund
  3467 | D:5      | Killed Edmund
  3900 | D:5      | Reached skill level 10 in Axes
  3913 | D:5      | Found a sparkling altar of Nemelex Xobeh.
  3924 | D:5      | Reached XP level 9. HP: 57/79 MP: 9/9
  4145 | D:5      | Reached skill level 1 in Throwing
  5039 | D:6      | Reached skill level 5 in Maces & Flails
  5087 | D:6      | Found a staircase to the Ecumenical Temple.
  5383 | D:7      | Noticed Maggie
  5388 | D:7      | Killed Maggie
  5795 | D:7      | Found an opulent altar of Gozag.
  5976 | D:7      | Reached XP level 10. HP: 88/88 MP: 10/10
  6028 | D:7      | Reached ***** piety under Trog
  6322 | D:8      | Noticed Amaemon
  6322 | D:8      | Noticed an orange demon
  6329 | D:8      | Killed Amaemon
  6330 | D:8      | Reached skill level 1 in Stealth
  6335 | D:8      | Killed an orange demon
  6732 | D:8      | HP: 3/90 [orc wizard/puff of flame (3)]
  6733 | D:8      | Succumbed to a gnoll's poison

Illustrated notes

Levels and vault maps discovered:
D:1:      zaba_arrival_water, layout_loops_ring,
          shapermc_ecumenical_altar_acropolis, corexii_item_surrounded_by_moat,
          kennysheep_pointless_box, grunt_decor_clamped, minmay_strange_pillars
D:2:      layout_basic, guppyfry_early_lair_pool, uniq_crazy_yiuf_cottage
D:3:      corexii_shack_village, layout_basic, chequers_arboretum,
          dreamdust_wishing_well, chequers_serial_rivers_micro_e, uniq_natasha
D:4:      layout_rooms, grunt_ministairs_10, minmay_misc_feat_pillars
D:5:      layout_basic, tso_altar, nemelex_dance_club_becter,
          grunt_ministairs_15, uniq_duvessa, uniq_prince_ribbit1, uniq_edmund,
          uniq_pikel
D:6:      layout_basic, minmay_temple_entry_drinking_statues
D:7:      layout_gridville, grunt_gozag_breadcrumbs, uniq_maggie
D:8:      layout_loops_ring, serial_rivers, chequers_serial_rivers_marsh,
          chequers_serial_rivers_large_a, chequers_serial_rivers_room_a,
          chequers_serial_rivers_small_b, dk_noncrumbling_4,
          dreamdust_mushroom_princess, minmay_circle_x, uniq_amaemon

Skill      XL: |  1  2  3  4  5  6  7  8  9 10 |
---------------+-------------------------------+-----
Fighting       | 4 5 6 7 8 |  8.5
Armour         | 2 3 4 6 7 8 |  8.0
Axes           | 5 6 8 10 | 10.8
Dodging        | 3 |  3.1
Maces & Flails | 2 7 |  7.9
Throwing       | 1 |  1.2
Stealth        | 1 |  1.2

Action                     |  1- 3 |  4- 6 |  7- 9 | 10-12 || total
---------------------------+-------+-------+-------+-------++-------
  Melee: Hand axe          |   117 |   138 |    14 |       ||   269
         Mace              |       |       |   161 |       ||   161
         War axe           |       |       |    17 |    22 ||    39
  Throw: Boomerang         |     4 |       |       |       ||     4
         Javelin           |       |       |     1 |       ||     1
 Invoke: Berserk           |     1 |     6 |     4 |     2 ||    13
         Brothers in Arms  |       |       |     2 |       ||     2
    Use: Scroll            |     2 |     5 |     5 |       ||    12
         Potion            |       |       |     1 |       ||     1
   Stab: Distracted        |       |       |     3 |       ||     3
 Armour: Robe              |     1 |       |       |       ||     1
         Ring mail         |    18 |       |       |       ||    18
         Plate armour      |    47 |    83 |       |       ||   130
         Crystal plate arm |       |    32 |   152 |    49 ||   233
  Dodge: Dodged            |    45 |    29 |    24 |     7 ||   105
